 Dungeon Crawl Stone Soup version 0.31-a0-983-g7b6862f502 (webtiles) character file.

Game seed: 1436978873753382675

44 protoss039 the Digger (level 3, 0/26 HPs)
             Began as a Demonspawn Earth Elementalist on Nov 2, 2023.
             Succumbed to an adder's poison
             ... on level 2 of the Dungeon.
             The game lasted 00:02:25 (838 turns).

protoss039 the Digger (DsEE)                         Turns: 838, Time: 00:02:26

Health: 0/26       AC:  4    Str:  8    XL:     3   Next: 41%
Magic:  6/6        EV:  5    Int: 18    God:
Gold:   20         SH: 13    Dex: 13    Spells: 3/6 levels left

rFire   . . .        i - +1 dagger (venom)
rCold   . . .        c - +2 tower shield
rNeg    . . .        a - +0 robe
rPois   .            (no helmet)
rElec   .            g - +0 cloak
rCorr   .            (no gloves)
SInv    .            (no boots)
Will    .....        (no amulet)
Stlth   ++           (no ring)
HPRegen 0.24/turn    (no ring)
MPRegen 0.10/turn

%: no passive effects
@: lethally poisoned (0 -> -8)
A: claws 1, rugged brown scales 1
a: no special abilities


You were on level 2 of the Dungeon.
You visited 1 branch of the dungeon, and saw 2 of its levels.

You collected 20 gold pieces.

Inventory:

Hand Weapons
 i - a +1 dagger of venom (weapon)
Armour
 a - a +0 robe (worn)
 c - a +2 tower shield (worn)
 g - a +0 cloak (worn)
Scrolls
 d - a scroll of enchant weapon {unknown}
 e - a scroll of fog {unknown}
 f - a scroll of immolation {unknown}
 h - a scroll of identify {unknown}
 j - 2 scrolls of enchant armour {unknown}
 k - 2 scrolls of teleportation {unknown}
 l - a scroll of butterflies {unknown}
Potions
 b - a potion of magic


   Skills:
 + Level 1.3 Fighting
 + Level 0.4 Armour
 - Level 1.7 Dodging
 - Level 1.7 Stealth
 * Level 0.8 Shields
 + Level 2.4 Spellcasting
 - Level 0.8 Transmutations
 + Level 3.1 Earth Magic


You had 3 spell levels left.
You knew the following spells:

 Your Spells              Type           Power      Damage    Failure   Level
a - Sandblast             Erth           26%        2d8       98%         1
b - Passwall              Tmut/Erth      7%         N/A       100%        2

Your spell library contained the following spells:

 Spells                   Type           Power      Damage    Failure   Level
 Ensorcelled Hibernation  Hex/Ice        4%         N/A       100%        2
 Jinxbite                 Hex            4%         N/A       100%        2
 Stone Arrow              Conj/Erth      14%        3d7       100%        3
 Anguish                  Hex/Necr       1%         N/A       100%        4
 Brom's Barrelling Bould  Conj/Erth      7%         2d3       100%        4
 Petrify                  Tmut/Erth      9%         N/A       100%        4


Dungeon Overview and Level Annotations

Branches:
Dungeon (2/15) Zot: 11133

Altars:


Innate Abilities, Weirdness & Mutations

You have sharp fingernails.
You are partially covered in rugged brown scales. (AC +1, +3% HP)


Message History

The adder poisons you!
You miss the adder.
You feel very sick. You block the adder's attack. The adder bites you.
You are more poisoned.
The adder poisons you!
You hit the adder.
The adder is poisoned.
The adder is moderately wounded.
You feel very sick.
The adder bites you but does no damage. x2
You hit the adder.
The adder looks as sick as possible!
The adder is heavily wounded.
You feel sick. You block the adder's attack.
The adder bites you but does no damage.
You barely miss the adder.
The adder is severely wounded.
You feel sick. The adder bites you.
You are more poisoned.
The adder poisons you! The adder bites you.
You are lethally poisoned!
The adder poisons you! You block the adder's attack.
* * * LOW HITPOINT WARNING * * *
You feel very sick.
You kill the adder!
Unknown command.
Okay, then.
Okay, then.
Okay, then.
You aren't carrying any items that you can evoke.
Unknown command.
Okay, then.
Okay, then.
* * * LOW HITPOINT WARNING * * *
You feel very sick.
You start removing your armour.
You continue taking off your +2 tower shield.
* * * LOW HITPOINT WARNING * * *
You feel sick.
You continue taking off your +2 tower shield.
You die...

#[# ##.##
#...# ###
.⌠. ###
..## ...
##..
$..##.##...
#..#†#..#
#.#.#.#
#...@.#
##...##
#.).# #...#
##.## #.#
#.# ####
#.# ...
##.#


There were no monsters in sight!

Vanquished Creatures
  An adder (D:2)
  2 dart slugs (D:1)
  4 ball pythons
  An endoplasm (D:1)
  3 giant cockroaches
  2 goblins
  2 hobgoblins (D:2)
  A quokka (D:1)
  7 bats (D:1)
  A frilled lizard (D:1)
  2 kobolds (D:1)
  4 rats (D:1)
30 creatures vanquished.

Notes
Turn   | Place    | Note
-------+----------+-------------------------------------------
     0 | D:1      | protoss039 the Demonspawn Earth Elementalist began the
                  | quest for the Orb.
     0 | D:1      | Reached XP level 1. HP: 13/13 MP: 3/3
   144 | D:1      | Gained mutation: You have sharp fingernails. [demonic
                  | ancestry]
   144 | D:1      | Reached XP level 2. HP: 20/20 MP: 3/5
   217 | D:1      | Reached skill level 1 in Fighting
   231 | D:1      | Reached skill level 3 in Earth Magic
   739 | D:1      | Learned a level 2 spell: Passwall
   742 | D:2      | Gained mutation: You are partially covered in rugged brown
                  | scales. (AC +1, +3% HP) [demonic ancestry]
   742 | D:2      | Reached XP level 3. HP: 21/26 MP: 6/6
   837 | D:2      | HP: 1/26 [poisoned by an adder]
   838 | D:2      | Succumbed to an adder's poison

Illustrated notes

Levels and vault maps discovered:
D:1:      matt_arrival_grand_opening, layout_rooms, minmay_door_square
D:2:      minmay_general_purpose_star, layout_loops_corners, serial_shops, shop,
          uniq_terence

Skill      XL: |  1  2 |
---------------+-------+-----
Fighting       | 1 |  1.3
Earth Magic    | 3 |  3.1
Armour         | |  0.4
Dodging        | |  1.7
Stealth        | |  1.7
Shields        | |  0.8
Spellcasting   | |  2.4
Transmutations | |  0.8

Action                     || total
---------------------------++-------
  Melee: Dagger            ||    45
         Short sword       ||     3
   Cast: Sandblast         ||    11
   Stab: Sleeping          ||     4
 Armour: Robe              ||    41
  Dodge: Dodged            ||    12
  Block: Tower shield      ||    26

Table legend: (Time is in decaauts)
 A = Elapsed time spent in this place.
 B = Non-inter-level travel time spent in this place.
 C = Inter-level travel time spent in this place.
 D = Time resting spent in this place.
 E = Time spent auto-exploring this place.
 F = Levels seen in this place.
 G = Mean time per level.
                   A        B        C        D        E       F      G
               +--------+--------+--------+--------+--------+-----+--------+
         Total |    866 |    854 |     12 |      0 |    621 |   2 |  433.0 |
       Dungeon |    866 |    854 |     12 |      0 |    621 |   2 |  433.0 |
               +--------+--------+--------+--------+--------+-----+--------+

Top non-repeatable levels by time:
     D:1: 758 daAuts
     D:2: 108 daAuts
